 Seeded DCSS version 0.30-a0-696-g2367cd04db (webtiles) character file.

Game seed: 2721199303573115971 (custom seed)

136026 acebull12 the Warrior (level 16, 0/165 HPs)
             Began as a Minotaur Fighter on Jan 20, 2023.
             Was the Champion of Okawaru.
             Slain by an anaconda (4 damage)
             ... on level 4 of the Snake Pit.
             The game lasted 00:56:48 (23600 turns).

acebull12 the Warrior (Minotaur Fighter)           Turns: 23600, Time: 00:56:49

Health: 0/165      AC: 20    Str: 27    XL:     16   Next: 65%
Magic:  32/32      EV: 23    Int:  7    God:    Okawaru [******]
Gold:   1530       SH: 13    Dex: 26    Spells: 15/15 levels left

rFire   + + +      SeeInvis +    n - +10 zealot's sword {holy, Zealotry, *Rage rN+ EV+3}
rCold   . . .      Faith    .    L - +6 buckler of a wizard's laboratory {rPois rF++ rCorr MP-9}
rNeg    + . .      Spirit   .    M - +2 ring mail "Enidoid" {Int+2 Dex+2 Slay+3 SInv}
rPois   .          Reflect  .    g - +2 hat
rElec   +          Harm     .    Z - +1 cloak of Jukhlun {Contam rElec rF++ MP+9}
rCorr   +          Rampage  .    T - +2 pair of gloves {Str+3}
Will    +....      Rage     20%  U - +2 pair of boots
Stlth   +          NoTele   +    S - amulet "Fargheg" {Regen+ MP+9 Str+3}
HPRegen 1.27/turn                p - +6 ring of dexterity
MPRegen 0.23/turn                P - ring of Avoics {Fly rPois rCorr Slay+2 SInv}

@: lethally poisoned (0 -> 0), weakened, untranslocatable, poison vulnerable, on
berserk cooldown, flying, hasted and slowed, constricted, studying Summonings
A: horns 2, retaliatory headbutt
a: Renounce Religion, Heroism, Finesse, Duel


You were on level 4 of the Snake Pit.
You worshipped Okawaru.
Okawaru was exalted by your worship.
You visited 4 branches of the dungeon, and saw 22 of its levels.

You collected 2410 gold pieces.
You spent 880 gold pieces at shops.

Inventory:

Hand Weapons
 n - the +10 zealot's sword (weapon) {holy, Zealotry, *Rage rN+ EV+3}
   (You found it on level 2 of the Dungeon)

   Zealotry:  Whenever the wielder enters a berserk rage, their allies are
   berserked alongside them.
   EV:        It affects your evasion (+3).
   rN:        It protects you from negative energy.
   *Rage:     It berserks you when you make melee attacks (+20% chance).
 W - the +0 demon blade of a Million Knives {flame, rN+}
   (Okawaru gifted it to you on level 12 of the Dungeon)

   rN:        It protects you from negative energy.
Missiles
 b - 2 throwing nets
 o - 184 stones
 s - 14 boomerangs (quivered)
 G - 33 poisoned darts
 O - 2 boomerangs of dispersal
 Q - 11 javelins
 V - 2 silver javelins
Armour
 e - the +13 plate armour of Beogh's Righteous Fury {rF- Int-5 Dex+8 Stlth+}
   (You took it off an orc warrior on level 10 of the Dungeon)

   Int:       It affects your intelligence (-5).
   Dex:       It affects your dexterity (+8).
   rF:        It makes you vulnerable to fire.
   Stlth:     It makes you more stealthy.
 g - a +2 hat (worn)
 L - the +6 buckler of a wizard's laboratory (worn) {rPois rF++ rCorr MP-9}
   (You took it off a gnoll sergeant on level 8 of the Dungeon)

   rF:        It greatly protects you from fire.
   rPois:     It protects you from poison.
   MP:        It affects your magic capacity (-9).
   rCorr:     It protects you from acid and corrosion.
 M - the +2 ring mail "Enidoid" (worn) {Int+2 Dex+2 Slay+3 SInv}
   (You took it off a gnoll sergeant on level 8 of the Dungeon)

   Int:       It affects your intelligence (+2).
   Dex:       It affects your dexterity (+2).
   Slay:      It affects your accuracy & damage with ranged weapons and melee
   (+3).
   SInv:      It lets you see invisible.
 T - a +2 pair of gloves of strength (worn)
 U - a +2 pair of boots (worn)
 Z - the +1 cloak of Jukhlun (worn) {Contam rElec rF++ MP+9}
   (You bought it in a shop on level 2 of the Dungeon)

   rF:        It greatly protects you from fire.
   rElec:     It insulates you from electricity.
   MP:        It affects your magic capacity (+9).
   Contam:    It causes magical contamination when unequipped.
Jewellery
 c - a +4 ring of protection
 p - a +6 ring of dexterity (left hand)
 w - a ring of protection from cold
 E - a ring of positive energy
 P - the ring of Avoics (right hand) {Fly rPois rCorr Slay+2 SInv}
   (You bought it in a shop on level 3 of the Snake Pit)

   [ring of poison resistance]

   Slay:      It affects your accuracy & damage with ranged weapons and melee
   (+2).
   rPois:     It protects you from poison.
   SInv:      It lets you see invisible.
   Fly:       It grants you flight.
   rCorr:     It protects you from acid and corrosion.
 R - a +4 ring of protection
 S - the amulet "Fargheg" (around neck) {Regen+ MP+9 Str+3}
   (You found it on level 5 of the Lair of Beasts)

   [amulet of regeneration]

   Str:       It affects your strength (+3).
   MP:        It affects your magic capacity (+9).
   Regen:     It increases your rate of health regeneration.
Wands
 m - a wand of digging (6)
 q - a wand of polymorph (9)
 C - a wand of iceblast (11)
 F - a wand of mindburst (18)
 K - a wand of light (11)
 N - a wand of flame (52)
Scrolls
 a - 6 scrolls of fog
 f - 8 scrolls of teleportation
 r - a scroll of fear
 v - a scroll of poison
 x - 4 scrolls of magic mapping
 y - 3 scrolls of blinking
 z - 3 scrolls of silence
 H - a scroll of brand weapon
Potions
 d - a potion of might
 h - a potion of magic {unknown}
 i - 3 potions of brilliance
 j - 3 potions of mutation
 k - 2 potions of berserk rage {unknown}
 l - 7 potions of curing
 t - 2 potions of ambrosia {unknown}
 u - a potion of heal wounds
 A - 4 potions of cancellation {unknown}
 B - 5 potions of haste
 D - 2 potions of lignification {unknown}
 J - 2 potions of resistance {unknown}
 X - a potion of flight {unknown}


   Skills:
 + Level 20.9 Fighting
 - Level 14.0 Long Blades
 * Level 12.4 Throwing
 + Level 10.4 Armour
 + Level 13.5 Dodging
 - Level 6.0 Shields
 * Level 10.9 Invocations
 * Level 3.3 Evocations


You had 15 spell levels left.
You didn't know any spells.
Your spell library contained the following spells:

 Spells                   Type           Power      Damage    Failure   Level
 Freeze                   Ice            0%         1d3       63%         1
 Kiss of Death            Conj/Necr      0%         2d5       63%         1
 Magic Dart               Conj           0%         1d3       63%         1
 Necrotise                Necr           0%         1d4       63%         1
 Confusing Touch          Hex            0%         N/A       94%         3
 Frozen Ramparts          Ice            0%         1d1       94%         3
 Hailstorm                Conj/Ice       0%         3d3       94%         3
 Inner Flame              Hex/Fire       0%         N/A       94%         3
 Mephitic Cloud           Conj/Pois/Air  0%         N/A       94%         3
 Vampiric Draining        Necr           0%         2d6       94%         3
 Cause Fear               Hex            0%         N/A       100%        4
 Dispel Undead            Necr           0%         3d6       100%        4
 Passage of Golubria      Tloc           0%         N/A       100%        4
 Petrify                  Tmut/Erth      0%         N/A       100%        4
 Agony                    Necr           0%         N/A       100%        5
 Blade Hands              Tmut           0%         N/A       100%        5
 Metabolic Englaciation   Hex/Ice        0%         N/A       100%        5
 Yara's Violent Unravell  Hex/Tmut       0%         3d3       100%        5
 Iron Shot                Conj/Erth      0%         9d1       100%        6
 Statue Form              Tmut/Erth      0%         N/A       100%        6
 Enfeeble                 Hex            0%         N/A       100%        7
 Discord                  Hex            0%         N/A       100%        8
 Call Imp                 Summ           Unusable   N/A       N/A         2
 Tukima's Dance           Hex            Unusable   N/A       N/A         3
 Animate Armour           Summ/Erth      Unusable   N/A       N/A         4

Dungeon Overview and Level Annotations

Branches:
Dungeon (12/15)            Temple (1/1) D:6            Lair (5/5) D:10
 Shoals (0/4) Lair:3        Snake (4/4) Lair:3        Slime (0/5) Lair:5
    Orc (0/2) D:10

Altars:
Ashenzari
Cheibriados
Dithmenos
Elyvilon
Fedhas
Gozag
Hepliaklqana
Kikubaaqudgha
Makhleb
Nemelex Xobeh
Okawaru
Qazlal
Ru
Sif Muna
Trog
Uskayaw
Vehumet
Wu Jian
Xom
Yredelemnul
Zin
The Shining One
Jiyva

Shops:
D:2 *   D:3 (   Snake:1 **=   Snake:3 =:=

Annotations:
Snake:4 Vashnia


Innate Abilities, Weirdness & Mutations

You have a pair of horns on your head.
You reflexively headbutt those who attack you in melee.


Message History

The anaconda bites you!
* * * LOW HITPOINT WARNING * * *
The nagaraja gestures wildly while chanting.
The nagaraja seems to speed up.
The nagaraja mumbles some strange words.
The nagaraja seems to speed up.
You block the anaconda's attack. The anaconda constricts you.
The salamander tyrant hits you.
* * * LOW HITPOINT WARNING * * *
You are engulfed in flames.
You resist.
* * * LOW HITPOINT WARNING * * *
The naga ritualist completely misses you.
You furiously retaliate!
You headbutt the naga ritualist. You block the anaconda's attack.
You feel yourself speed up.
You feel very sick. The anaconda barely misses you. You furiously retaliate!
You headbutt the anaconda! The anaconda constricts you.
* * * LOW HITPOINT WARNING * * *
You block the anaconda's attack. The anaconda completely misses you.
The anaconda constricts you.
A salamander comes into view.
A naga sharpshooter comes into view. It is wielding a +0 flail.
Vashnia takes aim.
You block the salamander tyrant's attack.
The anaconda bites you!
* * * LOW HITPOINT WARNING * * *
The anaconda bites you but does no damage.
The anaconda constricts you.
* * * LOW HITPOINT WARNING * * *
The salamander tyrant completely misses you.
Okay, then.
You are too injured to fight recklessly!
You are too injured to fight recklessly!
You are too injured to fight recklessly!
You slash the anaconda!
The anaconda is moderately wounded.
You feel sick.
The anaconda bites you but does no damage.
The anaconda bites you.
You die...

.............####)....##.........
###..)).....##.......##..........
..#...))....#.......##...........
..#.........##...####............
..#.......###.....###............
..#......##.........##...........
###......#.....⌠)....#...........
........##.....N)S...##..........
........#....8.)@8....#..........
.......##.⌠.....SN..⌠.##.........
...###.# ....8.N.8N....#.........
...# #.# ........N.....#..#.##..#
...# ### ....8.:.8.....#..#######
#### ..⌠..NNN..⌠...####
....8..N8.....# .....NNN......#


You could see Vashnia, 2 nagarajas, a naga warrior, 3 naga sharpshooters, a
salamander tyrant, a salamander, 2 anacondas, 2 naga ritualists and a naga.

Vanquished Creatures
  An acid blob (Lair:5)
  Kirke (D:12)
  2 azure jellies (Lair:5)
  4 nagarajas
  Aizul (Snake:1)
  2 quicksilver oozes (Lair:5)
  4 dire elephants (Lair:5)
  Snorg (Lair:3)
  A great orb of eyes (Lair:5)
  2 salamander tyrants
  Erolcha (D:12)
  4 centaur warriors
  6 hydras
  A boulder beetle (D:11)
  11 anacondas
  20 naga warriors
  4 death yaks (Lair:5)
  The ghost of wormed the Placeless Octopus, a novice OpWr of Gozag (D:10)
  3 two-headed ogres (D:11)
  10 naga sharpshooters
  4 shock serpents
  Urug (D:10)
  The ghost of zeratav the Thaumaturge, a novice DjCj of Ashenzari (D:8)
  A salamander mystic (Snake:4)
  2 spectral death yaks (Lair:5)
  A spectral anaconda (Lair:5)
  6 sea snakes
  An obsidian statue (Lair:5)
  8 naga ritualists
  3 necromancers (Lair:5)
  9 mana vipers
  The ghost of Nabski the Zephyrmancer, a novice TeAE of Sif Muna (D:7)
  An ugly thing (D:12)
  3 oklob plants (Lair:5)
  An orc knight (D:11)
  A manticore (Lair:3)
  12 salamanders
  31 black mambas
  17 naga magi
  2 dire elephant zombies (Lair:5)
  15 elephants
  6 guardian serpents
  12 cane toads
  A gargoyle (D:11)
  An unseen horror (D:11)
  A dire elephant skeleton (Lair:5)
  5 rime drakes
  A spectral unseen horror (D:7)
  4 komodo dragons
  6 polar bears
  A wind drake (Lair:3)
  2 trolls
  2 hornets
  20 blink frogs
  Grinder (D:3)
  2 spectral elephants (Lair:5)
  8 slime creatures
  Sigmund (D:5)
  3 shadows
  4 wyverns
  A wraith (D:12)
  5 hogs (D:12)
  37 yaks
  2 basilisks
  2 humans (D:12)
  4 wargs (D:10)
  A death yak simulacrum (Lair:5)
  2 steam dragons
  A vampire mosquito (D:11)
  An acid dragon (D:11)
  37 nagas
  Edmund (D:5)
  20 water moccasins
  15 orc warriors
  A black bear (D:7)
  A sky beast (D:6)
  An ice beast (D:7)
  An elephant zombie (Lair:5)
  7 centaurs
  4 ogres
  10 wolves
  3 phantoms
  2 elephant skeletons (Lair:5)
  2 kobold brigands
  7 bullfrogs
  5 necrophages
  5 gnoll sergeants
  4 scorpions
  8 wights
  14 killer bees
  An elephant simulacrum (Lair:5)
  7 electric eels
  A howler monkey (D:8)
  13 jellies
  A wyvern simulacrum (D:7)
  2 gnoll boudas
  13 orc priests
  3 hounds
  3 iguanas
  Terence (D:3)
  16 orc wizards
  2 killer bee zombies (D:7)
  A howler monkey zombie (D:7)
  17 gnolls
  11 adders
  A shadow imp (D:6)
  A white imp (D:7)
  56 orcs
  10 endoplasms
  A giant cockroach (D:1)
  9 goblins
  7 hobgoblins
  4 quokkas
  6 ball pythons
  3 bats (D:2)
  4 frilled lizards
  10 kobolds
  6 rats
696 creatures vanquished.

Vanquished Creatures (others)
  23 fungi
  60 plants
  18 withered plants (Lair:5)
101 creatures vanquished.

Grand Total: 797 creatures vanquished

Notes
Turn   | Place    | Note
-------+----------+-------------------------------------------
     0 | D:1      | acebull12 the Minotaur Fighter began the quest for the Orb.
     0 | D:1      | Reached XP level 1. HP: 19/19 MP: 0/0
   305 | D:1      | You fall into a shaft and drop 1 floor!
   422 | D:2      | Reached XP level 2. HP: 26/26 MP: 1/1
   539 | D:2      | Found the +10 zealot's sword {holy, Zealotry, *Rage rN+
                  | EV+3}
  1466 | D:2      | Found Karghu's Assorted Antiques.
  1492 | D:2      | Reached XP level 3. HP: 33/33 MP: 2/2
  2439 | D:3      | Reached XP level 4. HP: 40/40 MP: 3/3
  2441 | D:3      | Noticed Grinder
  2451 | D:3      | Paralysed by Grinder for 4 turns
  2461 | D:3      | Paralysed by Grinder for 3 turns
  2468 | D:3      | Killed Grinder
  2469 | D:3      | Reached skill level 5 in Long Blades
  2469 | D:3      | Reached skill level 1 in Throwing
  2469 | D:3      | Reached skill level 5 in Armour
  2469 | D:3      | Reached XP level 5. HP: 45/46 MP: 4/4
  2469 | D:3      | Reached XP level 6. HP: 51/52 MP: 5/5
  3041 | D:3      | Found Asiul's Antique Weapon Boutique.
  3121 | D:3      | Noticed Terence
  3125 | D:3      | Killed Terence
  3171 | D:3      | Reached skill level 4 in Fighting
  3749 | D:4      | Found an ancient bone altar of Kikubaaqudgha.
  3755 | D:4      | Found a burning altar of Makhleb.
  3954 | D:4      | Reached skill level 1 in Dodging
  3954 | D:4      | Reached XP level 7. HP: 57/59 MP: 6/6
  4120 | D:5      | Entered Level 5 of the Dungeon
  4277 | D:5      | Reached skill level 5 in Shields
  4573 | D:5      | Reached XP level 8. HP: 59/67 MP: 7/7
  4991 | D:5      | Noticed Sigmund
  4997 | D:5      | Killed Sigmund
  5013 | D:5      | Noticed Edmund
  5017 | D:5      | Killed Edmund
  5367 | D:6      | Reached skill level 5 in Fighting
  5603 | D:6      | Reached XP level 9. HP: 74/74 MP: 8/8
  5743 | D:6      | Reached skill level 10 in Long Blades
  5816 | D:6      | Found a staircase to the Ecumenical Temple.
  5833 | Temple   | Entered the Ecumenical Temple
  6001 | Temple   | Became a worshipper of Warmaster Okawaru
  6673 | D:7      | Found a runed translucent gate.
  6674 | D:7      | Found a runed translucent gate.
  6676 | D:7      | Found a runed translucent gate.
  6691 | D:7      | Noticed Nabski's ghost (novice TeAE)
  6691 | D:7      | Noticed a spectral unseen horror
  6903 | D:7      | Reached * piety under Okawaru
  7540 | D:7      | Killed a spectral unseen horror
  7540 | D:7      | Reached ** piety under Okawaru
  7546 | D:7      | Killed Nabski's ghost
  7547 | D:7      | Reached skill level 6 in Fighting
  7547 | D:7      | Reached XP level 10. HP: 83/83 MP: 9/9
  7655 | D:8      | Reached skill level 5 in Throwing
  7685 | D:8      | Reached *** piety under Okawaru
  7829 | D:8      | Identified the +2 ring mail "Enidoid" {Int+2 Dex+2 Slay+3
                  | SInv}
  7829 | D:8      | Identified the +6 buckler of a wizard's laboratory {rPois
                  | rF++ rCorr MP-9}
  7857 | D:8      | Identified the ring "Iblif" {*Slow Fly rElec rF+ Str+8}
  7927 | D:8      | Found a transporter.
  7929 | D:8      | Found a transporter.
  7971 | D:8      | Noticed zeratav's ghost (novice DjCj)
  7980 | D:8      | Killed zeratav's ghost
  7981 | D:8      | Reached skill level 10 in Armour
  8187 | D:8      | Reached **** piety under Okawaru
  8556 | D:8      | Received a gift from Okawaru
  8667 | D:9      | Reached skill level 7 in Fighting
  8777 | D:9      | Noticed a centaur warrior
  8783 | D:9      | Killed a centaur warrior
  8784 | D:9      | Reached skill level 1 in Invocations
  9014 | D:9      | Reached XP level 11. HP: 92/92 MP: 2/11
  9326 | D:10     | Entered Level 10 of the Dungeon
  9436 | D:10     | Found a staircase to the Orcish Mines.
  9455 | D:10     | Reached ***** piety under Okawaru
  9513 | D:10     | Found a staircase to the Lair.
  9525 | D:10     | Reached skill level 8 in Fighting
  9789 | D:10     | Found a runed translucent gate.
  9790 | D:10     | Found a runed translucent gate.
  9790 | D:10     | Identified the +13 plate armour of Beogh's Righteous Fury
                  | {rF- Int-5 Dex+8 Stlth+}
  9790 | D:10     | Noticed wormed's ghost (novice OpWr)
  9791 | D:10     | Found a runed translucent gate.
  9907 | D:10     | Noticed Urug
  9916 | D:10     | Killed Urug
 10189 | D:10     | Identified the +1 scale mail of the Six Nights {rC+ rCorr}
 10203 | D:10     | Killed wormed's ghost
 10222 | D:10     | Reached skill level 9 in Fighting
 10430 | D:10     | Identified a scroll of acquirement
 10430 | D:10     | Acquired 866 gold pieces
 10439 | D:11     | Noticed a centaur warrior
 10444 | D:11     | Identified the +7 spear of Xom's Hope {heavy, rF++ rN+
                  | rCorr Str-4}
 10448 | D:11     | Noticed a centaur warrior
 10448 | D:11     | Noticed a centaur warrior
 10457 | D:11     | Noticed a boulder beetle
 10464 | D:11     | Killed a boulder beetle
 10555 | D:11     | Killed a centaur warrior
 10561 | D:11     | Killed a centaur warrior
 10561 | D:11     | Received a gift from Okawaru
 10563 | D:11     | Killed a centaur warrior
 10564 | D:11     | Reached skill level 10 in Fighting
 10564 | D:11     | Reached skill level 5 in Dodging
 10740 | D:11     | Noticed an orc knight
 10762 | D:11     | Killed an orc knight
 10764 | D:11     | Reached XP level 12. HP: 108/108 MP: 5/14
 10900 | D:11     | Reached skill level 11 in Fighting
 10996 | D:11     | Noticed a two-headed ogre
 10997 | D:11     | Noticed a two-headed ogre
 11002 | D:11     | Killed a two-headed ogre
 11003 | D:11     | Reached skill level 5 in Invocations
 11004 | D:11     | Killed a two-headed ogre
 11061 | D:11     | Noticed a two-headed ogre
 11066 | D:11     | Killed a two-headed ogre
 11202 | D:11     | Reached ****** piety under Okawaru
 11317 | D:12     | Noticed Kirke
 11330 | D:12     | Killed Kirke
 11330 | D:12     | Received a gift from Okawaru
 11331 | D:12     | Reached skill level 12 in Fighting
 11366 | D:12     | Noticed Erolcha
 11387 | D:12     | Killed Erolcha
 11451 | D:12     | Identified the +0 demon blade of a Million Knives {flame,
                  | rN+} (Okawaru gifted it to you on level 12 of the Dungeon)
 11451 | D:12     | Received a gift from Okawaru
 11789 | Lair:1   | Entered Level 1 of the Lair of Beasts
 12052 | Lair:1   | Reached skill level 13 in Fighting
 13106 | D:2      | Bought a scorched cloak for 266 gold pieces
 13106 | D:2      | Identified the +1 cloak of Jukhlun {Contam rElec rF++ MP+9}
                  | (You bought it in a shop on level 2 of the Dungeon)
 13402 | Lair:2   | Identified the +1 cloak of Quiet Fog {rC+ Slay+3} (Okawaru
                  | gifted it to you on level 2 of the Lair of Beasts)
 13402 | Lair:2   | Received a gift from Okawaru
 13404 | Lair:2   | Reached XP level 13. HP: 122/122 MP: 16/16
 13726 | Lair:2   | Identified the +7 falchion of Meklirar {freeze, rPois rF-
                  | Dex+3 SInv}
 13735 | Lair:2   | Found an opulent altar of Gozag.
 13785 | Lair:2   | Identified the +9 spear of Abuse {freeze, +Blink}
 14219 | Lair:3   | Found a staircase to the Shoals.
 14227 | Lair:3   | Reached skill level 14 in Fighting
 14420 | Lair:3   | Found a staircase to the Snake Pit.
 14491 | Lair:3   | Noticed Snorg
 14499 | Lair:3   | Killed Snorg
 15170 | Lair:4   | Reached skill level 15 in Fighting
 15216 | Lair:4   | Received a gift from Okawaru
 15334 | Lair:4   | Found a bloodstained altar of Trog.
 16069 | Lair:5   | Entered Level 5 of the Lair of Beasts
 16225 | Lair:5   | Noticed a quicksilver ooze
 16226 | Lair:5   | Noticed an azure jelly
 16231 | Lair:5   | Noticed a quicksilver ooze
 16234 | Lair:5   | Killed an azure jelly
 16237 | Lair:5   | Noticed an azure jelly
 16238 | Lair:5   | Killed a quicksilver ooze
 16239 | Lair:5   | Reached skill level 16 in Fighting
 16239 | Lair:5   | Reached XP level 14. HP: 137/137 MP: 18/18
 16241 | Lair:5   | Killed a quicksilver ooze
 16244 | Lair:5   | Noticed an acid blob
 16245 | Lair:5   | Paralysed by a great orb of eyes for 2 turns
 16379 | Lair:5   | Identified the +3 falchion "Spiderbane" {heavy, Fragile
                  | rPois Str+4} (Okawaru gifted it to you on level 5 of the
                  | Lair of Beasts)
 16379 | Lair:5   | Received a gift from Okawaru
 16422 | Lair:5   | Reached skill level 10 in Throwing
 16447 | Lair:5   | Identified the amulet "Fargheg" {Regen+ MP+9 Str+3}
 16563 | Lair:5   | Reached skill level 10 in Dodging
 16652 | Lair:5   | Killed an azure jelly
 16658 | Lair:5   | Received a gift from Okawaru
 16691 | Lair:5   | Reached skill level 17 in Fighting
 17123 | Lair:5   | Killed an acid blob
 17283 | Lair:5   | Received a gift from Okawaru
 17634 | Lair:5   | Found a viscous altar of Jiyva.
 17682 | Lair:5   | Found a staircase to the Slime Pits.
 17698 | Lair:5   | Reached skill level 18 in Fighting
 18323 | Snake:1  | Entered Level 1 of the Snake Pit
 18389 | Snake:1  | Reached XP level 15. HP: 145/149 MP: 20/20
 18997 | Snake:1  | Received a gift from Okawaru
 19039 | Snake:1  | Found Gitumumn's Assorted Antiques.
 19041 | Snake:1  | Found Jarhish's Assorted Antiques.
 19043 | Snake:1  | Found Aqabam's Jewellery Shoppe.
 19186 | Snake:1  | Noticed Aizul
 19204 | Snake:1  | Killed Aizul
 19619 | Snake:2  | Reached skill level 19 in Fighting
 19819 | Snake:2  | Received a gift from Okawaru
 19826 | Snake:2  | Noticed a nagaraja
 19841 | Snake:2  | Killed a nagaraja
 19969 | Snake:2  | Reached skill level 10 in Invocations
 20651 | Snake:2  | Received a gift from Okawaru
 20769 | Snake:3  | Reached skill level 20 in Fighting
 20850 | Snake:3  | Reached XP level 16. HP: 162/162 MP: 22/22
 20865 | Snake:3  | Received a gift from Okawaru
 20866 | Snake:3  | Reached skill level 1 in Evocations
 21297 | Snake:3  | Found Deupit's Jewellery Emporium.
 21299 | Snake:3  | Found Gamyzo's Book Boutique.
 21300 | Snake:3  | Found Pezymeu's Jewellery Emporium.
 21310 | Snake:3  | Bought the ring of Avoics {Fly rPois rCorr Slay+2 SInv} for
                  | 614 gold pieces
 21805 | Snake:3  | Received a gift from Okawaru
 22565 | Snake:4  | Entered Level 4 of the Snake Pit
 23594 | Snake:4  | Noticed Vashnia
 23599 | Snake:4  | HP: 7/165 [anaconda (9)]
 23600 | Snake:4  | Slain by an anaconda

Illustrated notes

Levels and vault maps discovered:
D:1:      sevenhm_arrival_forest_fort_large_2, layout_rooms,
          roderic_roman_lattice
D:2:      layout_loops_corners, serial_shops, nicolae_shop_advertising_works
          [nicolae_subvault_shop_adworks], lemuel_flame_loot_1
D:3:      layout_loops_ring, serial_shops, nicolae_shop_stone, uniq_grinder,
          uniq_terence
D:4:      layout_rooms, mainiacjoe_overflow_big_doors
D:5:      layout_basic, sigmund_edmund_badplayer
D:6:      layout_rooms, minmay_temple_entry_drinking_statues
D:7:      layout_basic, gammafunk_ghost_necromancy,
          nicolae_concentric_dashed_squares_mild, kennysheep_generic_room_2
D:8:      layout_loops_cross, gammafunk_ghost_gnarly_gnolls
D:9:      layout_roguey
D:10:     layout_basic, erik_lair_orcish_takeover, orc_0_dummy,
          biasface_ghost_orc_armoury, small_statue_alley_a, uniq_urug
D:11:     layout_roguey [special_room_orc], minmay_mirror_moons_of_madness
D:12:     layout_layer_cave, uniq_erolcha, uniq_kirke
Temple:   nicolae_temple_slightly_damp_pantheon
Lair:1:   layout_cave_pods, evilmike_ambush [evilmike_ambush_outer_corners,
          evilmike_ambush_inner_wall_1], grunt_megastairs_5
Lair:2:   layout_misc_corridors, basic_altar, serial_bayou_shore_b
Lair:3:   layout_chaotic_city, minmay_shoals_entry_beasts,
          minmay_snake_entry_six_corridors, lemuel_fruit_fields, uniq_snorg
Lair:4:   layout_cave_pods, basic_altar
Lair:5:   due_jungle_book, layout_hall_layers,
          minmay_slime_entry_oklob_enclosed, special_room [special_room_jelly],
          st_stairs_8, nicolae_quartered_pool_little, cheibrodos_lair_lostbears,
          infiniplex_staircase_pool_2
Snake:1:  layout_basic, minmay_shop_star, serial_bayou_shore_b, uniq_aizul
Snake:2:  layout_gridlike
Snake:3:  layout_layer_cave, serial_bayou_shore_a, grunt_megastairs_1,
          serial_bayou_shore_b, minmay_shop_grove
Snake:4:  grunt_snake_rune_serpentine_throne, layout_cave_town

Skill      XL: |  1  2  3  4  5  6  7  8  9 10 11 12 13 14 15 16 |
---------------+-------------------------------------------------+-----
Armour         | 4 5 6 7 9 10 | 10.4
Shields        | 4 5 6 |  6.0
Long Blades    | 3 5 6 7 9 12 13 14 | 14.0
Throwing       | 1 2 3 4 6 7 8 9 10 11 12 | 12.4
Fighting       | 4 5 6 7 10 13 16 18 20 | 20.9
Dodging        | 1 2 3 5 7 9 11 12 13 | 13.5
Invocations    | 1 4 6 7 9 10 | 10.9
Evocations     | 3 |  3.3

Action                   |  1- 3 |  4- 6 |  7- 9 | 10-12 | 13-15 | 16-18 || total
-------------------------+-------+-------+-------+-------+-------+-------++-------
Melee: Long sword        |    25 |       |       |       |       |       ||    25
       Headbutt          |     8 |     5 |    31 |    77 |   218 |    77 ||   416
       Eudemon blade     |    34 |    63 |   153 |   390 |   736 |   236 ||  1612
       Demon blade       |       |       |       |       |    37 |       ||    37
Throw: Boomerang         |       |       |       |       |     7 |       ||     7
  Use: Scroll            |     4 |     1 |     2 |     7 |     8 |     2 ||    24
       Potion            |       |       |       |       |       |     6 ||     6
 Stab: Sleeping          |       |       |       |     3 |     1 |       ||     4
       Distracted        |       |       |       |     1 |     2 |     1 ||     4
Armor: Scale mail        |    20 |    22 |    43 |     8 |       |       ||    93
       Ring mail         |       |       |       |    33 |   140 |    40 ||   213
Dodge: Dodged            |    17 |    20 |    62 |   151 |   392 |   207 ||   849
Block: Kite shield       |    22 |    30 |    63 |    39 |       |       ||   154
       Buckler           |       |       |       |   185 |   365 |   166 ||   716

Table legend: (Time is in decaauts)
 A = Elapsed time spent in this place.
 B = Non-inter-level travel time spent in this place.
 C = Inter-level travel time spent in this place.
 D = Time resting spent in this place.
 E = Time spent auto-exploring this place.
 F = Levels seen in this place.
 G = Mean time per level.
                   A        B        C        D        E       F      G
               +--------+--------+--------+--------+--------+-----+--------+
         Total |  24511 |  21914 |   2597 |   6183 |  11585 |  22 | 1114.1 |
       Dungeon |  12787 |  11153 |   1634 |   3365 |   6065 |  12 | 1065.6 |
        Temple |    189 |    169 |     20 |      0 |    137 |   1 |  189.0 |
          Lair |   6312 |   5787 |    525 |   1356 |   3355 |   5 | 1262.4 |
     Snake Pit |   5222 |   4804 |    418 |   1461 |   2028 |   4 | 1305.5 |
               +--------+--------+--------+--------+--------+-----+--------+

Top non-repeatable levels by time:
  Lair:5: 1984 daAuts
 Snake:3: 1565 daAuts
     D:2: 1543 daAuts
     D:7: 1477 daAuts
 Snake:1: 1393 daAuts
     D:5: 1328 daAuts
  Lair:1: 1312 daAuts
    D:10: 1308 daAuts
 Snake:2: 1270 daAuts
     D:3: 1210 daAuts
     D:8: 1145 daAuts
  Lair:3: 1069 daAuts
  Lair:4: 1024 daAuts
 Snake:4: 992 daAuts
     D:4: 963 daAuts
